[Event "13th Chennai Open 2022"]
[Site "Chennai"]
[Date "2022.06.26"]
[Round "10.4"]
[White "Ravichandran, Siddharth"]
[Black "Nguyen, Van Huy"]
[Result "1/2-1/2"]
[ECO "B11"]
[WhiteElo "2352"]
[BlackElo "2405"]
[Annotator "TA"]
[PlyCount "91"]
[EventDate "2022.06.19"]
[EventType "swiss"]
[EventCountry "IND"]
[SourceTitle "playchess.com"]
[Source "ChessBase"]
[SourceQuality "1"]
[TimeControl "5400+30"]

1. e4 c6 2. Nf3 d5 3. Nc3 Bg4 4. h3 Bh5 5. exd5 cxd5 6. g4 Bg6 7. Bb5+ Nc6 8. Ne5 Rc8 9. d4 e6 10. Qe2 Bd6 11. Nxg6 {[%emt 0:02:08] White is more active. B11: Caro-Kann: Two Knights Variation.} hxg6 12. Nxd5 Kf8 13. Bxc6 {[%emt 0:00:30] White is slightly better.} Rxc6 14. Ne3 Nf6 15. Qf3 Bb8 16. c3 {[%emt 0:06:58] [#]} Kg8 $146 ({Predecessor:} 16... e5 17. dxe5 Nd7 18. Qd5 Qe8 19. b3 Bxe5 20. Ba3+ Kg8 21. Rd1 Nf6 22. Qf3 Ne4 {0-1 (46) Venkatesh,M (2517)-Ding,L (2679) Ho Chi Minh City 2012}) 17. Bd2 g5 {[%emt 0:05:47] [#]} 18. Rd1 (18. O-O-O $1 $16) 18... Bf4 19. Ng2 Bxd2+ 20. Rxd2 Nd5 21. Ne3 Rh6 22. Nxd5 exd5 23. Re2 Rce6 24. Kf1 Qa5 25. Kg2 {[%emt 0:00:53] White wants to play Rxe6.} (25. Rxe6 {feels hotter.} Rxe6 26. a4 Qxa4 27. Qxd5 Rf6 28. Qe4) 25... Qxa2 26. Rhe1 Rxe2 $1 27. Rxe2 {[%emt 0:00:02] White threatens Re8+ and mate.} Re6 {[%emt 0:00:10] Inhibits Re8+.} 28. Rxe6 fxe6 $11 {[%emt 0:00:05][%mdl 4096] Endgame KQ-KQ} 29. Qe2 Kf7 30. Qb5 b6 (30... Kf6 $11) 31. Qd7+ $16 Kf6 32. Qd8+ Kf7 33. Qc7+ ({White must play} 33. Qxg5 $18 {aiming for Qf4+.} Qxb2 34. Qf4+ Kg6 35. Qe5) 33... Kf6 {[%emt 0:00:24] [#]} ({Black should play} 33... Kf8 $1 $14) 34. Qe5+ $1 $18 Kf7 35. Qc7+ $2 (35. Qxg5 $16 {Hoping for Qf4+.} Qxb2 36. Qf4+ Kg6 37. Qe5) 35... Kf6 $1 $11 {[%emt 0:00:01] The position is equal.} 36. h4 gxh4 37. Qd8+ Kf7 38. Qd7+ Kf6 39. g5+ Kg6 40. Qxe6+ Kxg5 41. Qe7+ Kg6 42. Qe6+ Kh7 43. Qf5+ Kg8 44. Qe6+ Kh7 45. Qf5+ Kg8 46. Qe6+ {[%emt 0:00:07] Weighted Error Value: White=0.13 (very precise) /Black=0.15 (very precise)} 1/2-1/2

[Event "13th Chennai Open 2022"]
[Site "Chennai"]
[Date "2022.06.26"]
[Round "10.5"]
[White "Deepan Chakkravarthy J."]
[Black "Rajesh, V A V"]
[Result "1-0"]
[ECO "D85"]
[WhiteElo "2478"]
[BlackElo "2358"]
[Annotator "TA"]
[PlyCount "41"]
[EventDate "2022.06.19"]
[EventType "swiss"]
[EventCountry "IND"]
[SourceTitle "playchess.com"]
[Source "ChessBase"]
[SourceQuality "1"]
[TimeControl "5400+30"]

1. d4 Nf6 2. c4 g6 3. Nc3 d5 4. cxd5 Nxd5 5. e4 Nxc3 6. bxc3 Bg7 7. Qa4+ Qd7 {[%emt 0:01:33] [#] D85: Exchange Grünfeld: Unusual White 7th moves and lines with 7 Nf3.} 8. Qb4 $146 ({White should try} 8. Bb5 $14 c6 9. Bd3) ({Predecessor:} 8. Qxd7+ Bxd7 9. Rb1 b6 10. f4 c5 11. Nf3 Bc6 12. Bd3 Nd7 13. Ke2 e6 14. Be3 c4 15. Bc2 Nf6 16. Nd2 b5 {1-0 (50) Carlsen,M (2862)-Vachier Lagrave,M (2784) chess24.com INT 2021}) 8... b6 9. Nf3 Bb7 {[%emt 0:02:48] The position is equal.} 10. Bb5 c6 11. Bc4 O-O 12. Qb3 b5 13. Rb1 c5 14. d5 (14. Qxb5 Bxe4 15. Rb2 cxd4 16. Nxd4 (16. cxd4 $2 Nc6 $19) 16... Bxg2 $19) (14. dxc5 $2 bxc4 15. Qxb7 Qd3 $19) 14... a6 15. O-O Qg4 {[#]} (15... Bc8 $11 {keeps the balance.}) 16. Re1 $1 $16 Nd7 {This move loses the game for Black.} (16... Qc8 $16) 17. h3 $18 Qh5 18. Be2 {[%emt 0:00:30] Ng5 is the strong threat.} Nf6 $2 (18... Bf6 {was necessary.} 19. c4 Ne5) 19. Ng5 Qh4 20. Bf3 {[%emt 0:00:30] [#]} (20. g3 Qh6 21. h4) 20... Nd7 $2 (20... Nh5 {is tougher.}) 21. Nxf7 $4 {[%emt 0:00:30][%mdl 40960] Weighted Error Value: White=0.27 (precise) /Black=0.67. Loss on time!?} 1-0

[Event "13th Chennai Open 2022"]
[Site "Chennai"]
[Date "2022.06.26"]
[Round "10.6"]
[White "Stupak, Kirill"]
[Black "Kunal, M.."]
[Result "1-0"]
[ECO "D02"]
[WhiteElo "2440"]
[BlackElo "2277"]
[Annotator "TA"]
[PlyCount "73"]
[EventDate "2022.06.19"]
[EventType "swiss"]
[EventCountry "IND"]
[SourceTitle "playchess.com"]
[Source "ChessBase"]
[SourceQuality "1"]
[TimeControl "5400+30"]

1. d4 Nf6 2. Bf4 d5 3. e3 e6 4. Nd2 c5 5. c3 Nc6 6. Ngf3 Bd6 {[%emt 0:00:55] 6...cxd4 gains popularity.} 7. Bg3 O-O 8. Bb5 {[%emt 0:00:01] D02: 1 d4 d5 2 Nf3 sidelines, including 2...Nf6 3 g3 and 2...Nf6 3 Bf4.} Qe7 9. Bxc6 {[%emt 0:04:53] Black must now prevent Ba4.} bxc6 10. Qa4 {[%emt 0:00:02] The position is equal.} cxd4 11. cxd4 ({Of course not} 11. Qxc6 Bxg3 12. hxg3 Bb7 $17) 11... c5 {[%emt 0:00:55] [#]} (11... Bxg3 $11 {keeps the balance.} 12. hxg3 Rb8) 12. Qa3 $1 $16 {[%emt 0:09:59] [#]} Ne4 $146 ({Predecessor:} 12... Bxg3 13. hxg3 Nd7 14. Rc1 e5 15. Nxe5 Nxe5 16. dxe5 Qxe5 17. Rxc5 Rb8 18. Qc3 Qxc3 19. bxc3 {1-0 (36) Kurbonboeva,S (2274)-Soham,D (1895) Chennai 2017}) 13. Nxe4 dxe4 14. Bxd6 Qxd6 15. dxc5 Qe7 (15... Qa6 $1 $14 16. Qxa6 Bxa6) 16. Nd2 $18 Rd8 17. Nxe4 Bb7 18. Nd6 {aiming for 0-0.} Bxg2 19. Rg1 $36 {[%mdl 2048] White has strong initiative.} Bf3 (19... Bd5 $16 {was called for.} 20. O-O-O (20. Qc3 g6 $16) 20... Qf6) 20. Qc3 f6 21. e4 Bh5 22. f3 a5 23. O-O-O a4 24. Rd4 Qc7 25. Rgd1 Rdb8 26. Rc4 Qc6 27. Rdd4 h6 28. Rb4 Rxb4 29. Rxb4 (29. Qxb4 $18 Bxf3 30. Rd3) 29... Bxf3 $16 30. Rb6 Qc7 {[%emt 0:00:30] [#]} 31. Qb4 {White is more active.} (31. Rb5 $1 $16 Bh5 32. Rb7) 31... Bxe4 32. Nxe4 $18 ({Less strong is} 32. Qxe4 Qxc5+ 33. Nc4 Re8 $16) 32... Qf4+ 33. Nd2 Qxh2 34. Rxe6 Rc8 (34... Qg1+ $142 35. Kc2 Rc8) 35. Qc4 {Re8+ would kill now. White is clearly winning.} Kh8 36. c6 a3 37. bxa3 {Weighted Error Value: White=0.13 (very precise) /Black=0.56} 1-0

[Event "13th Chennai Open 2022"]
[Site "Chennai"]
[Date "2022.06.26"]
[Round "10.7"]
[White "Jubin Jimmy"]
[Black "Ajay Karthikeyan"]
[Result "1/2-1/2"]
[ECO "A39"]
[WhiteElo "2259"]
[BlackElo "2436"]
[Annotator "TA"]
[PlyCount "58"]
[EventDate "2022.06.19"]
[EventType "swiss"]
[EventCountry "IND"]
[SourceTitle "playchess.com"]
[Source "ChessBase"]
[SourceQuality "1"]
[TimeControl "5400+30"]

1. d4 Nf6 2. c4 g6 3. g3 Bg7 4. Bg2 O-O 5. Nf3 c5 6. O-O cxd4 7. Nxd4 Nc6 8. Nc3 Qa5 9. Nb3 {[%emt 0:00:58] 9.e3 is the fancy move.} Qh5 10. e4 {[%emt 0:00:58] A39: Symmetrical English vs ...g6: 4 Bg2 Bg7 5 Nf3 Nf6 6 0-0 0-0 7 d4.} d6 11. Qxh5 Nxh5 12. c5 dxc5 13. Nxc5 Rb8 14. Be3 b6 15. Nb3 Ba6 16. Rfd1 Rfd8 {[%emt 0:12:19] [#]} 17. Bf1 $146 ({Predecessor:} 17. f4 Nb4 18. Rd2 Rxd2 19. Bxd2 e5 20. f5 Rd8 21. Rd1 Bc4 22. Bf1 Bxf1 23. Kxf1 {½-½ (48) Stupak,K (2542)-Bakalchuk,J (2311) Panevezys 2015}) 17... Bxf1 18. Kxf1 Nb4 (18... Bxc3 $142 19. bxc3 Ne5) 19. Ke2 Nc2 20. Rxd8+ Rxd8 21. Rd1 Rxd1 22. Nxd1 Nxe3 23. Kxe3 $11 {[%emt 0:00:30][%mdl 4096] Endgame KBN-KNN} Nf6 24. f3 {[%emt 0:00:30] Against Ng4+} Nd7 25. Nd2 Nb8 26. Nb3 Nd7 27. Nd2 Nb8 28. Nb3 Nd7 29. Nd2 Nb8 {A balanced but interesting game.  Weighted Error Value: White=0.10 (very precise) /Black=0.05 (flawless)} 1/2-1/2

[Event "13th Chennai Open 2022"]
[Site "Chennai"]
[Date "2022.06.26"]
[Round "10.8"]
[White "Saravana, Krishnan P."]
[Black "Laxman, R.R."]
[Result "0-1"]
[ECO "C77"]
[WhiteElo "2269"]
[BlackElo "2420"]
[Annotator "TA"]
[PlyCount "36"]
[EventDate "2022.06.19"]
[EventType "swiss"]
[EventCountry "IND"]
[SourceTitle "playchess.com"]
[Source "ChessBase"]
[SourceQuality "1"]
[TimeControl "5400+30"]

1. e4 e5 2. Nf3 Nc6 3. Bb5 a6 4. Ba4 Nf6 5. d3 Bc5 6. c3 b5 7. Bb3 {[%emt 0:00:30] 7.Bb3 is better than 7.Bc2.} d6 8. Bg5 {[%emt 0:00:30] C77: Ruy Lopez: 3...a6 4 Ba4 Nf6, unusual lines.} h6 9. Bxf6 Qxf6 10. Bd5 {[%emt 0:00:30] The position is equal.} Bd7 11. O-O {[%emt 0:00:30] [#]} Rd8 $146 ({Predecessor:} 11... Rb8 12. Nbd2 Ne7 13. Bb3 O-O 14. a4 Ng6 15. axb5 axb5 16. Bc2 Nf4 17. Nb3 Bh3 {0-1 (58) Lampl,G-Virzi,E Ceriano Laghetto 2003}) 12. d4 Bb6 13. dxe5 dxe5 {[%emt 0:00:30] Hoping for ...Ne7.} 14. Nbd2 (14. Bxc6 $15 Bxc6 15. Qc2) 14... Ne7 $17 {[%emt 0:00:30][%cal Bc6e7,Be7g6,Bg6f4][%mdl 32] Black is more active.} 15. Qc1 (15. Bb7 $17) 15... Ng6 $19 16. Bb3 Nf4 17. Bd1 $2 {[%emt 0:00:30] [#]} (17. Kh1) 17... Bh3 $1 18. Ne1 {[%emt 0:00:30] [#]} (18. g3 Nd3) 18... Bxg2 $1 {[%emt 0:00:30][%mdl 512] White got outplayed after the opening.  Weighted Error Value: White=0.67/Black=0.01 (flawless)} 0-1

[Event "13th Chennai Open 2022"]
[Site "Chennai"]
[Date "2022.06.26"]
[Round "10.9"]
[White "Prasannaa.s"]
[Black "Nguyen, Duc Hoa"]
[Result "0-1"]
[ECO "B22"]
[WhiteElo "2164"]
[BlackElo "2398"]
[Annotator "TA"]
[PlyCount "112"]
[EventDate "2022.06.19"]
[EventType "swiss"]
[EventCountry "IND"]
[SourceTitle "playchess.com"]
[Source "ChessBase"]
[SourceQuality "1"]
[TimeControl "5400+30"]

1. e4 c5 2. c3 Nf6 3. e5 Nd5 4. d4 cxd4 5. Nf3 d6 6. cxd4 Nc6 7. Bc4 Nb6 8. Bb5 e6 {[%emt 0:01:06] B22: Sicilian: 2 c3.} 9. Nc3 Be7 {[%emt 0:01:08] Inhibits Bg5.} 10. exd6 Qxd6 {[%emt 0:00:24] The position is equal.} 11. O-O O-O 12. Be3 Bd7 {[%emt 0:05:47] [#]} 13. a3 $146 ({Predecessor:} 13. Qd2 Nd5 14. Nxd5 Qxd5 15. Bd3 Nb4 16. Bb1 Bb5 17. Rc1 Rac8 18. a3 Rxc1+ 19. Qxc1 {1-0 (60) Bulsoev,A (1828)-Isfandiyarli,K (1597) St Petersburg 2018}) 13... Nd5 14. Qd3 Nxc3 15. bxc3 Na5 16. Ne5 Bxb5 17. Qxb5 Qd5 18. Rfb1 Qxb5 {[%emt 0:05:12] White is now going downhill.} 19. Rxb5 b6 20. c4 {[%emt 0:04:11] [#]} ({White should play} 20. a4 $15) 20... f6 $1 $17 21. Rxa5 bxa5 22. Nc6 Kf7 23. a4 (23. Nxa5 $17 {might work better.} Rfc8 24. g3) 23... Bb4 24. Kf1 a6 25. Ke2 Ke8 26. Kd3 Kd7 27. d5 (27. Nxb4 $17 {keeps fighting.} axb4 28. a5) 27... Rfe8 28. g4 (28. Rc1 {was necessary.}) 28... exd5 $19 29. cxd5 Kd6 30. Rb1 Kxd5 31. Nxb4+ axb4 32. Rxb4 {[%mdl 4096] Endgame KRR-KRB} Rab8 {[%emt 0:00:30] Against Rb7} 33. Bb6 Re1 34. a5 Rc8 35. Be3 Rd1+ 36. Ke2 Ra1 37. Rb7 g5 38. Bb6 Ke4 {[%emt 0:00:30][%cal Rc8c2] [#]} 39. Re7+ Kf4 40. Rxh7 (40. h3 {was the only defense.} Rc2+ 41. Kd3) 40... Kxg4 41. h3+ Kf4 42. Ra7 f5 (42... Rc2+ $142 43. Kd3 Rc6) 43. Rxa6 $2 (43. Be3+ {is a better chance.} Ke5 44. Bxg5) 43... Ke4 44. Be3 f4 {[%emt 0:00:30] ( -> ...Rc2+)} 45. f3+ Kd5 46. Bd2 Re8+ 47. Kd3 Ra3+ 48. Kc2 Re2 {[%emt 0:00:30] aiming for ...Ra2+.} 49. Ra8 Kc6 {[%emt 0:00:30] Hoping for ...Ra2+.} 50. Kd1 Rh2 {[%emt 0:00:30] And now ...Ra1+ would win.} 51. Rg8 Ra1+ 52. Bc1 Raa2 53. Rg6+ Kd7 {[%emt 0:00:30][%cal Rh2h1] Black mates.} 54. Bd2 Raxd2+ 55. Ke1 Ra2 56. Rxg5 Ra1# {[%emt 0:00:30] Weighted Error Value: White=0.59/Black=0.14 (very precise)} 0-1

[Event "13th Chennai Open 2022"]
[Site "Chennai"]
[Date "2022.06.26"]
[Round "10.10"]
[White "Hari Madhavan N B"]
[Black "Baghdasaryan, Vahe"]
[Result "1-0"]
[ECO "D10"]
[WhiteElo "2374"]
[BlackElo "2267"]
[Annotator "TA"]
[PlyCount "73"]
[EventDate "2022.06.19"]
[EventType "swiss"]
[EventCountry "IND"]
[SourceTitle "playchess.com"]
[Source "ChessBase"]
[SourceQuality "1"]
[TimeControl "5400+30"]

1. d4 d5 2. c4 c6 3. cxd5 cxd5 4. Nc3 Nf6 5. Bf4 Nc6 6. e3 Bf5 7. Qb3 Na5 8. Qa4+ {[%emt 0:00:06] D10: Slav Defence: 3 cxd5 (without early Nf3) and 3 Nc3.} Bd7 9. Qc2 e6 10. Bd3 {[%emt 0:03:45] The position is equal.} Rc8 11. Nf3 Bb4 {[%emt 0:01:28][%cal Of6e4] is recently more successful than 11...Be7.} 12. O-O Nh5 13. Be5 (13. Bg5 $5 Nf6 14. Bxh7 $1 $14) 13... f6 {[%emt 0:06:34] [#]} 14. Bxh7 $146 ({Predecessor:} 14. Bg3 Nxg3 15. hxg3 Nc4 16. a3 Bxc3 17. bxc3 Nd6 18. a4 g6 19. Nd2 O-O 20. Rfc1 {½-½ (66) Nakamura,H (2736)-Caruana,F (2835) chess24.com INT 2020}) 14... fxe5 15. Qg6+ Kf8 16. Qxh5 ({Avoid the trap} 16. Nxe5 $2 Be8 17. Qc2 (17. Qxe6 $2 Rxh7 18. Nxd5 Bd6 $19) 17... Nc4 18. Nxc4 Rxc4 $19) 16... Be8 17. Qh3 {[%emt 0:01:58] Strongly threatening Ne2.} Bxc3 18. bxc3 Bg6 19. Qxe6 Bxh7 20. Ng5 $40 {[%emt 0:00:30][%csl Gg5][%cal Re6f7][%mdl 128] White has some attack.} Rc7 {Inhibits Qf7+.} 21. Qxe5 {[%emt 0:00:30] Hoping for Ne6+.} Bg8 22. Qf4+ Ke8 23. e4 {[%emt 0:00:30] And now Rae1 would win.} Nc4 24. Qg3 (24. Rae1 $11 Qd6 25. e5 (25. exd5+ Kd8 $17)) 24... Rh5 $17 25. h4 dxe4 26. Rfe1 e3 (26... Nd6 $1 $17) 27. fxe3 $11 Rc6 (27... Qd6 $11 28. Qg4 Rh6) 28. Rf1 $1 $16 {[%emt 0:00:30][%cal Og5e6][%mdl 1024] White has strong compensation.} Rhh6 {[#] Prevents Ne6.} 29. e4 ({Better is} 29. Ne6 $1 $16 {[%mdl 512] Rf8+ would kill now.} Rhxe6 30. Qxg7) 29... Qc7 $11 30. e5 {[%emt 0:00:30] Black must now prevent Rf4. Dancing on a razor blade.} Rhf6 {[#]} 31. Ne4 $2 (31. Qd3 $1 $18 Rxf1+ 32. Rxf1) 31... Rxf1+ 32. Rxf1 {[%emt 0:00:30][%cal Oe4f6] Threatens to win with Nf6+!} Bd5 33. Qf4 {[%emt 0:00:30] aiming for Qf8+.} Rh6 $2 (33... Qe7 $11 34. Rf2 Rb6) 34. Nd6+ $2 (34. Qf8+ $18 Kd7 35. Qxg7+ Kc6 36. Qxh6+ Kb5 37. Rb1+ Ka5 {[#]} 38. Qf8 $1) 34... Kd8 $2 (34... Nxd6 $11 35. Qf8+ Kd7 36. Qxg7+ (36. exd6 Qxd6 37. Qxg7+ Kc6 $15) 36... Nf7 37. Rxf7+ Bxf7 38. Qxh6 (38. Qxf7+ Kc6 $17) 38... Bxa2) 35. h5 $2 (35. Qf8+ {mates} Kd7 36. Qe8#) 35... Rh8 $2 (35... Nxd6 $17 {keeps the pressure on.} 36. exd6 Qxd6 37. Qg5+ Ke8) 36. h6 $18 Nxd6 (36... Qe7 $142 37. Nf7+ Qxf7 38. Qxf7 Bxf7) 37. exd6 {[%emt 0:00:30] Weighted Error Value: White=0.48/Black=0.52} 1-0

[Event "13th Chennai Open 2022"]
[Site "Chennai"]
[Date "2022.06.26"]
[Round "10.11"]
[White "Vignesh B"]
[Black "Karthikeyan, P.."]
[Result "0-1"]
[ECO "A34"]
[WhiteElo "2072"]
[BlackElo "2361"]
[Annotator "TA"]
[PlyCount "100"]
[EventDate "2022.06.19"]
[EventType "swiss"]
[EventCountry "IND"]
[SourceTitle "playchess.com"]
[Source "ChessBase"]
[SourceQuality "1"]
[TimeControl "5400+30"]

1. e4 c5 2. Nf3 e6 3. c4 Nc6 4. Nc3 Nf6 5. h3 Qc7 6. Be2 {[%emt 0:00:30] A34: Symmetrical English: 2 Nc3, lines with ...d5.} a6 7. O-O b6 8. Re1 {[%emt 0:12:28] The position is equal.} Bd6 9. d3 Bb7 10. Be3 O-O {[%emt 0:06:21] [#]} 11. Rc1 $146 ({Predecessor:} 11. a3 h6 12. Rc1 Ne7 13. Bf1 Rad8 14. b4 Ng6 15. Na4 Rb8 16. Qd2 Rfe8 17. bxc5 bxc5 {½-½ (56) Gerard,A (1979)-Durandal,J (2028) ICCF email 2015}) 11... Ne7 12. Qc2 Ng6 13. d4 cxd4 14. Bxd4 Bf4 15. Rcd1 e5 16. Be3 Bxe3 17. fxe3 Qc5 18. Bf1 Bc6 19. Nd5 Bxd5 20. exd5 d6 21. a3 a5 22. Qa4 Rfc8 23. Kh2 Qc7 24. Rc1 Nd7 25. Qd1 a4 (25... e4 $5 26. Nd4 Nge5 $15) 26. Bd3 Ngf8 27. Rf1 Qd8 28. Bc2 Nc5 29. Qe1 Rc7 30. Qg3 h6 31. Rf2 b5 32. cxb5 Ne4 33. Bxe4 Rxc1 34. Nh4 $1 Qg5 35. Qf3 f6 (35... Rc7 $11 36. Nf5 Qf6) 36. Nf5 $16 h5 37. Nxd6 (37. g3 $1 $18) 37... Rb8 (37... h4 $16) 38. Qe2 $2 (38. Rc2 $18 Rxc2 39. Bxc2) 38... h4 $1 $11 {[%emt 0:00:45][%csl Gh4][%cal Rg5g3] Chess con chili.} 39. Rf3 {[%emt 0:00:31] Against Qg3+. Hoping for Qd2.} g6 $1 40. Bc2 (40. Qd2 $11 Rc7 41. g4) 40... f5 {[%emt 0:03:15] White must now prevent ...e4.} 41. Bxf5 gxf5 $19 42. Nxf5 {[%emt 0:00:02] [#]} Ng6 $2 ({Black should play} 42... Rbc8 $1 $19 {[%cal Rc8c2] Threatens to win with ...R8c2.} 43. Rf2 Nd7) 43. d6 $2 {[%emt 0:00:30][%mdl 8192] [#]} (43. Qd3 $1 $11) 43... e4 $1 44. Rf2 Rf8 45. d7 {[%emt 0:01:34] Qd2 is the strong threat.} Ne5 ({Not} 45... Rxf5 46. Qg4 Qxg4 47. d8=Q+ Kg7 48. hxg4 $11) 46. Nh6+ (46. b6 $19 Nd3 47. Rf1 Rxf1 48. Qxf1) 46... Qxh6 {[%emt 0:00:43] Black mates.} 47. Rxf8+ Qxf8 48. Qd2 {[%emt 0:00:01] [#]} Ng4+ $1 49. hxg4 Qb8+ 50. Kh3 Qg3# {[%emt 0:00:02] Weighted Error Value: White=0.56/Black=0.24 (precise)} 0-1

[Event "13th Chennai Open 2022"]
[Site "Chennai"]
[Date "2022.06.26"]
[Round "10.12"]
[White "Daakshin Arun"]
[Black "Konguvel, Ponnuswamy"]
[Result "1/2-1/2"]
[ECO "E61"]
[WhiteElo "2016"]
[BlackElo "2331"]
[Annotator "TA"]
[PlyCount "60"]
[EventDate "2022.06.19"]
[EventType "swiss"]
[EventCountry "IND"]
[SourceTitle "playchess.com"]
[Source "ChessBase"]
[SourceQuality "1"]
[TimeControl "5400+30"]

1. d4 Nf6 2. c4 g6 3. Nc3 Bg7 4. Nf3 O-O 5. Bg5 d6 6. e3 h6 7. Bh4 c5 8. d5 a6 9. Be2 {[%emt 0:07:59] E61: King's Indian: Early deviations for White, including Smyslov System.} (9. Nd2 $14) 9... Nbd7 10. Qc2 {[%emt 0:02:18] [#]} b5 $146 ({Predecessor:} 10... Rb8 11. a4 Qa5 12. O-O Re8 13. Rfe1 Nf8 14. e4 g5 15. Bg3 Ng6 16. e5 Nh5 {1-0 (32) Ovezdurdiyeva,J (2061)-Nurmanova,A (2026) Chess.com INT 2020}) 11. cxb5 {[%emt 0:01:37] The position is equal.} Qa5 {[%emt 0:03:15] aiming for ...Nxd5.} 12. O-O axb5 13. Bxb5 Nb6 ({Better is} 13... Ba6 $11 14. Bxf6 Nxf6 15. Bxa6 Qxa6) 14. Bc6 $14 Rb8 15. Nd2 {[%emt 0:03:47] Inhibits Nc4.} (15. a4 $1 $14) 15... Bb7 $11 16. Bxb7 Rxb7 17. e4 g5 18. Bg3 Nh5 19. Rfb1 Ra8 20. a4 Nxg3 21. hxg3 Qb4 22. Rd1 Rba7 23. Ra2 Nc4 24. Nxc4 Qxc4 25. Rda1 Ra5 26. Ra3 Rb8 27. Qd2 Rb4 28. Qc2 Be5 29. Kh1 Kg7 30. R1a2 $2 {[%emt 0:01:56] [#]} (30. Kg1 $11 {and White has nothing to worry.}) 30... Kg8 $2 {[%emt 0:04:23] Weighted Error Value: White=0.25 (precise) /Black=0.09 (flawless)} (30... f5 $1 $19 31. Kh2 fxe4) 1/2-1/2

[Event "13th Chennai Open 2022"]
[Site "Chennai"]
[Date "2022.06.26"]
[Round "10.13"]
[White "Pawar, Harshit"]
[Black "Aaryan Varshney"]
[Result "1/2-1/2"]
[ECO "D02"]
[WhiteElo "1961"]
[BlackElo "2308"]
[Annotator "TA"]
[PlyCount "63"]
[EventDate "2022.06.19"]
[EventType "swiss"]
[EventCountry "IND"]
[SourceTitle "playchess.com"]
[Source "ChessBase"]
[SourceQuality "1"]
[TimeControl "5400+30"]

1. d4 Nf6 2. g3 d5 3. Bg2 c5 4. Nf3 cxd4 5. O-O Nc6 6. Nxd4 e5 7. Nxc6 bxc6 8. c4 Be6 9. Nc3 {[%emt 0:01:40] D02: 1 d4 d5 2 Nf3 sidelines, including 2...Nf6 3 g3 and 2...Nf6 3 Bf4.} Rc8 10. Qa4 {[%emt 0:04:57] [#] cxd5 is the strong threat.} d4 11. Ne4 {[%emt 1:28:49] Black has an edge.} Nxe4 12. Bxe4 Qd7 {[%emt 0:00:59] [#]} 13. Bg2 $146 ({Predecessor:} 13. f4 f5 14. Bg2 e4 15. b3 c5 16. Qxd7+ Bxd7 17. e3 Be7 18. Bb2 Bf6 19. Rfd1 {½-½ (77) Adly,A (2615)-Thybo,J (2590) Chess.com INT 2020}) 13... c5 14. Qa6 Bd6 15. Bd2 O-O 16. b3 f5 17. Rad1 e4 18. e3 Rc6 19. Qa3 Qb7 20. Qc1 Rcc8 {[%emt 0:06:32] [#]} (20... Bf7 $15) 21. Bc3 $1 Bxg3 {[%emt 0:04:12] And now ...Bb8 would win.} (21... f4 22. exd4) 22. hxg3 dxc3 {[%emt 0:00:07] The position is equal.} 23. Qxc3 Qc7 {[%emt 0:00:29] Inhibits Rd6.} 24. Rd2 Rfd8 25. Rfd1 Rxd2 26. Qxd2 Kf7 27. Bh3 Ke7 28. Qc3 Kf7 29. Qd2 Ke7 30. Qc3 Kf7 31. Qd2 Ke7 32. Qc3 {[%emt 0:00:00] Weighted Error Value: White=0.12 (very precise) /Black=0.09 (flawless)} 1/2-1/2

[Event "13th Chennai Open 2022"]
[Site "Chennai"]
[Date "2022.06.26"]
[Round "10.14"]
[White "Tran, Tuan Minh"]
[Black "Jani Kushal R"]
[Result "1-0"]
[ECO "E61"]
[WhiteElo "2533"]
[BlackElo "1800"]
[Annotator "TA"]
[PlyCount "67"]
[EventDate "2022.06.19"]
[EventType "swiss"]
[EventCountry "IND"]
[SourceTitle "playchess.com"]
[Source "ChessBase"]
[SourceQuality "1"]
[TimeControl "5400+30"]

1. c4 Nf6 2. Nc3 g6 3. g3 Bg7 4. Bg2 O-O 5. e3 c5 6. Nge2 Nc6 7. O-O d6 8. d4 Bg4 {[%emt 0:02:25] Recently 8...Bd7 got a lot of attention.} 9. h3 cxd4 10. exd4 Bxe2 {[%emt 0:02:01] E61: King's Indian: Early deviations for White, including Smyslov System.} 11. Nxe2 d5 12. cxd5 Nxd5 {[%emt 0:02:24] The position is equal.} 13. Qb3 Nb6 14. d5 Na5 15. Qf3 Nac4 16. Rb1 {[%emt 0:00:19][%cal Ba1b1,Bb1c1,Bc1c4][%mdl 32] [#]} Rc8 $146 ({Predecessor:} 16... Ne5 17. Qb3 Qd7 18. Rd1 Qf5 19. Bf4 Nec4 20. Nc3 Rac8 21. d6 Nxd6 22. Bxd6 exd6 23. Bxb7 Rb8 24. Bg2 d5 25. Nxd5 {½-½ (25) Valderrama Quiceno,E (2423)-Escobar Medina,A (2296) Sitges 2019}) 17. b3 Ne5 18. Qe4 Nbd7 (18... f5 $11 {keeps the balance.} 19. Qb4 Nd3) 19. Ba3 Nc5 20. Qe3 Qb6 21. Rbc1 Ned3 {[%emt 0:02:01] [#] A mistake that costs the game.} (21... Ned7 $16) 22. Rc4 $1 $18 (22. Qxe7 Rfe8 23. Bxc5 Rxe7 24. Bxb6 Nxc1 25. Nxc1 axb6 $19) 22... Qa6 23. Bxc5 (23. Rxc5 Nxc5 24. Bxc5 Rxc5 25. Qxc5 Qxe2 $14) 23... Nxc5 24. Rfc1 (24. Rxc5 Rxc5 25. Qxc5 Qxe2 $14) ({Not} 24. Qxe7 Rfe8 25. Qh4 (25. Rxc5 Rxe7 26. Rxc8+ Bf8 $15) 25... Rxe2 $15) 24... b6 25. b4 (25. Qxe7 $2 Rce8 26. Qg5 Rxe2 $19) 25... Bb2 26. R1c2 ({Less strong is} 26. bxc5 Bxc1 27. Rxc1 bxc5 $16) 26... Na4 $2 (26... Bf6 27. bxc5 Rxc5) 27. Rxc8 {[%emt 0:01:02] White is clearly winning.} Rxc8 28. b5 Qb7 {[%emt 0:05:18] [#]} 29. d6 $1 exd6 30. Bxb7 Rxc2 31. Bd5 {[%emt 0:00:46] Intending Qe8+ and mate.} Rc7 32. Qb3 Nc3 33. Bxf7+ Rxf7 34. Nxc3 {[%emt 0:00:10] Weighted Error Value: White=0.08 (flawless) /Black=0.27 (precise)} 1-0